 Dungeon Crawl Stone Soup version 0.19.5 (webtiles) character file.

501 KonungCerber the Grave Robber (level 6, -2/49 HPs)
             Began as a Deep Dwarf Necromancer on Apr 28, 2017.
             Shot with an arrow by a centaur (11 damage)
             ... on level 5 of the Dungeon.
             The game lasted 00:54:04 (3824 turns).

KonungCerber the Grave Robber (DDNe)                Turns: 3824, Time: 00:54:04

Health: -2/49      AC:  5    Str: 12    XL:     6   Next: 95%
Magic:  7/7        EV: 14    Int: 17    God:
Gold:   169        SH:  0    Dex: 13    Spells: 4 memorised, 2 levels left

rFire  . . .     SeeInvis .     v - staff of wizardry
rCold  . . .     Gourm    .     p - +0 robe
rNeg   . . .     Faith    +     (no shield)
rPois  .         Spirit   .     (no helmet)
rElec  .         Reflect  .     j - +0 cloak
rCorr  .         Harm     .     m - +0 pair of gloves
MR     .....                    i - +0 pair of boots
Stlth  +++.......               a - amulet of faith
                                (no ring)
                                (no ring)

@: non-regenerating
A: damage resistance, recharge devices, sense surroundings 1, slow regeneration
3
a: Device Recharging


You were on level 5 of the Dungeon.
You were full.

You visited 1 branch of the dungeon, and saw 5 of its levels.

You collected 169 gold pieces.

Inventory:

Armour
 i - a +0 pair of boots (worn)
 j - a +0 cloak (worn)
 m - a +0 pair of gloves (worn)
 p - a +0 robe (worn)
Magical Staves
 v - an uncursed staff of wizardry (weapon)
Jewellery
 a - an amulet of faith (around neck)
Wands
 c - a wand of heal wounds (8/9)
 u - a wand of polymorph (10/24)
Scrolls
 e - 5 scrolls of identify {unknown}
 n - a scroll of magic mapping {unknown}
 o - 2 scrolls of remove curse
 q - a scroll of random uselessness {unknown}
 w - 3 scrolls of teleportation
Potions
 g - a potion of cancellation {unknown}
 h - a potion of cure mutation {unknown}
 k - a potion of degeneration {unknown}
 l - a potion of lignification {unknown}
 r - a potion of agility {unknown}
 s - a potion of magic {unknown}
 t - a potion of might {unknown}
Books
 b - a book of Necromancy

   Spells                             Type                      Level
   a - Pain                           Necromancy                   1
   b - Animate Skeleton               Necromancy                   1
   c - Vampiric Draining              Necromancy                   3
   d - Regeneration                   Charms/Necromancy            3
   e - Animate Dead                   Necromancy                   4
   f - Control Undead                 Necromancy                   4
Comestibles
 d - 5 bread rations
 f - a meat ration


   Skills:
 + Level 4.5 Dodging
 + Level 5.6 Stealth
 * Level 3.0 Spellcasting
 + Level 6.0 Necromancy
 - Level 1.0 Evocations


You had 2 spell levels left.
You knew the following spells:

 Your Spells              Type           Power        Failure   Level  Hunger
a - Pain                  Necr           ###.         1%          1    None
b - Animate Skeleton      Necr           N/A          1%          1    None
c - Control Undead        Necr           ###.......   7%          4    ####...
d - Vampiric Draining     Necr           ###.......   2%          3    ###....


Dungeon Overview and Level Annotations

Branches:
Dungeon (5/15)             Temple (0/1) D:4

Altars:
Hepliaklqana
Qazlal


Innate Abilities, Weirdness & Mutations

You are resistant to damage.
You can recharge devices by infusing magical energy.
You passively map a small area around you.
You do not regenerate.


Message History

You finish eating.
That meat ration really hit the spot!
Done exploring.
Done exploring.
You see here 27 stones.
There is a stone staircase leading down here.
You climb downwards.
Found 3 scrolls of teleportation.
There is a stone staircase leading up here.
Found a wand of polymorph.
w - 3 scrolls of teleportation A centaur comes into view.
The centaur wields a shortbow.
The centaur shoots an arrow.
The arrow hits you!
The centaur shoots an arrow.
The arrow hits you!
* * * LOW HITPOINT WARNING * * *
You hear an angry hiss.
Things that are here:
an arrow; a wand of polymorph A frilled lizard comes into view.
The centaur shoots an arrow.
The arrow hits you!
You die...

** * ......# ## *
......##### * ..,
...........
###.####l..........
* *
.........c.........
* ,
......c(..##.......
##.####.####.......
#...........# , **
...###....@.<# ,,
,* #.........#* * *
, #.#..........#, *
#.##########... , ,
, , ,,., , ,, ..
.., , ,. * ,, ,, *
* , , *, * , , ,


You could see a centaur.

Vanquished Creatures
  2 scorpions
  An orc priest (D:3)
  2 hounds
  Terence (D:3)
  A worker ant (D:4)
  4 adders
  10 gnolls
  An ooze (D:1)
  A worm (D:4)
  A dart slug (D:1)
  3 leopard geckos
  4 orcs
  9 bats
  4 giant cockroaches
  7 goblins
  8 hobgoblins
  3 ball pythons
  3 frilled lizards
  5 kobolds
  5 rats
75 creatures vanquished.

Vanquished Creatures (collateral kills)
  A phantom (D:4)
  A gnoll (D:2)
  An adder (D:2)
  A dart slug (D:2)
  A giant cockroach (D:1)
  A goblin (D:1)
  2 hobgoblins
  2 kobolds (D:1)
10 creatures vanquished.

Grand Total: 85 creatures vanquished

Notes
Turn   | Place    | Note
-------+----------+-------------------------------------------
     0 | D:1      | KonungCerber the Deep Dwarf Necromancer began the quest for the Orb.
     0 | D:1      | Reached XP level 1. HP: 15/15 MP: 3/3
    13 | D:1      | Learned a level 1 spell: Animate Skeleton
   176 | D:1      | Reached XP level 2. HP: 11/22 MP: 1/4
   689 | D:1      | Reached XP level 3. HP: 25/28 MP: 2/6
  1215 | D:2      | Reached XP level 4. HP: 15/36 MP: 0/7
  1296 | D:2      | Reached skill level 5 in Necromancy
  1859 | D:3      | Learned a level 4 spell: Control Undead
  1896 | D:3      | Reached XP level 5. HP: 29/42 MP: 3/8
  1990 | D:3      | Noticed Terence
  2031 | D:3      | Killed Terence
  2176 | D:3      | Found a hazy altar of Hepliaklqana.
  2744 | D:3      | Reached XP level 6. HP: 34/49 MP: 3/9
  2866 | D:3      | Learned a level 3 spell: Vampiric Draining
  2881 | D:3      | Reached skill level 5 in Stealth
  2965 | D:4      | Found a staircase to the Ecumenical Temple.
  3166 | D:4      | Found a stormy altar of Qazlal.
  3496 | D:4      | Reached skill level 6 in Necromancy
  3496 | D:4      | Reached skill level 1 in Evocations
  3813 | D:5      | Entered Level 5 of the Dungeon
  3824 | D:5      | Shot with an arrow by a centaur

Skill      XL: |  1  2  3  4  5  6 |
---------------+-------------------+-----
Spellcasting   | 2 3 |  3.0
Stealth        | 3 4 5 |  5.6
Dodging        | 3 4 |  4.5
Necromancy     | 5 6 |  6.0
Evocations     | 1 |  1.0

Action                   |  1- 3 |  4- 6 || total
-------------------------+-------+-------++-------
Melee: Unarmed           |    38 |   124 ||   162
       Staff             |       |    12 ||    12
       Hand axe          |       |     3 ||     3
 Cast: Pain              |    61 |   137 ||   198
       Animate Skeleton  |    12 |    15 ||    27
       Control Undead    |       |     5 ||     5
       Vampiric Draining |       |     2 ||     2
 Abil: Device Recharging |       |     3 ||     3
Evoke: Wand              |     1 |    11 ||    12
  Use: Scroll            |       |     3 ||     3
 Stab: Distracted        |       |     1 ||     1
  Eat: Chunk             |     2 |     7 ||     9
       Beef jerky        |       |     1 ||     1
       Pizza             |       |     1 ||     1
       Meat ration       |       |     1 ||     1
Armor: Robe              |    11 |    36 ||    47
Dodge: Dodged            |    47 |   179 ||   226
